Map: Honorgrounds LE

Players

Railgan - Winner!

  • Race: Zerg Zerg
  • League: Grandmaster
  • Spawn Location: 11:00

GuSty

  • Race: Terran Terran
  • League: Grandmaster
  • Spawn Location: 5:00

VOD

Have the link to the VOD?

Description

Time

  • Played on: March 17, 2017, 8:24 p.m.
  • Length: 31:34
Show
View Real Time Build Order
Export as new Build Order

Railgan Zerg - Winner!

Build Orders: Hatch First, Lurkers 

Get SALT Encoding   

  12  0:01  Drone  
  13  0:13  Overlord  
  13  0:18  Drone  
  14  0:31  Drone x2  
  16  0:36  Drone  
  17  0:55  Drone  
  17  0:56  Hatchery  
  17  0:59  Drone  
  18  1:10  Extractor  
  17  1:14  Spawning Pool  
  16  1:20  Drone x2  
  19  1:32  Drone  
  19  1:39  Overlord  
  19  2:01  Queen  
  19  2:02  Zergling x4  
  19  2:08  Queen  
  25  2:09  Drone  
  25  2:13  Drone  
  27  2:15  Metabolic Boost  
  27  2:20  Drone  
  27  2:22  Drone  
  29  2:29  Drone  
  30  2:32  Overlord  
  30  2:37  Queen  
  30  2:41  Drone  
  33  2:48  Drone  
  34  2:53  Evolution Chamber, Queen  
  34  2:57  Drone  
  36  3:01  Drone  
  36  3:05  Drone x2  
  39  3:12  Drone x2  
  41  3:24  Drone x2  
  41  3:25  Zerg Ground Armor Level 1, Overlord  
  41  3:32  Zergling x2  
  41  3:33  Zergling x4  
  44  3:36  Extractor  
  44  3:37  Zergling x2  
  44  3:44  Overlord  
  44  3:45  Drone  
  45  3:48  Drone  
  45  3:52  Spine Crawler  
  45  3:54  Drone  
  46  3:56  Drone  
  46  3:57  Drone x2  
  49  4:03  Lair  
  49  4:04  Extractor  
  48  4:11  Drone  
  48  4:12  Drone x2  
  48  4:14  Extractor  
  50  4:17  Drone x2  
  50  4:18  Spore Crawler x2  
  50  4:28  Overlord  
  50  4:30  Drone  
  51  4:33  Drone x2  
  51  4:35  Zergling x4  
  51  4:36  Drone  
  56  4:40  Zergling x4  
  56  4:44  Zergling x2  
  59  4:49  Zergling x2  
  46  5:01  Drone x7  
  50  5:11  Drone x2  
  52  5:18  Hydralisk Den  
  51  5:24  Overseer  
  51  5:26  Drone  
  52  5:29  Drone  
  52  5:30  Drone  
  54  5:46  Drone x2  
  54  5:48  Drone x4  
  60  5:52  Muscular Augments  
  60  5:54  Pneumatized Carapace  
  60  5:59  Evolution Chamber  
  60  6:01  Hatchery  
  57  6:08  Drone x6  
  60  6:14  Overlord  
  58  6:19  Drone  
  58  6:22  Zerg Ground Armor Level 2  
  57  6:26  Overlord  
  57  6:43  Hydralisk x5  
  67  6:49  Hydralisk  
  70  6:54  Drone x2  
  70  6:57  Spore Crawler  
  70  7:03  Hydralisk x3  
  76  7:09  Zerg Missile Weapons Level 1  
  76  7:18  Zergling x12  
  82  7:23  Overlord  
  82  7:25  Overlord  
  82  7:48  Hydralisk, Spore Crawler  
  82  7:49  Hydralisk x5  
  91  8:04  Overlord x2  
  91  8:10  Overlord  
  91  8:22  Queen  
  91  8:23  Overlord  
  91  8:24  Hydralisk x4  
  101  8:27  Drone x2  
  101  8:28  Overlord  
  101  8:29  Lurker Den  
  101  8:32  Drone  
  104  8:39  Hydralisk  
  104  8:42  Hydralisk x2  
  104  8:47  Hydralisk  
  108  8:48  Hydralisk  
  108  8:55  Hydralisk x2  
  105  8:58  Hydralisk  
  105  8:59  Hydralisk  
  111  9:07  Hydralisk x3  
  115  9:11  Zergling x2  
  115  9:12  Overlord  
  116  9:18  Overlord  
  116  9:23  Zergling x8  
  120  9:28  Zerg Missile Weapons Level 2  
  120  9:37  Zergling x6  
  123  9:43  Zergling x8  
  127  9:54  Zergling x14  
  134  10:02  Zergling x4  
  134  10:03  Zergling x2  
  137  10:09  Lurker  
  137  10:11  Overlord x2  
  138  10:15  Overlord  
  138  10:18  Overlord  
  138  10:32  Lurker x5  
  143  10:38  Hydralisk x2  
  147  10:43  Drone x5  
  147  10:45  Extractor  
  147  10:46  Extractor  
  147  10:47  Lurker  
  151  10:54  Hatchery  
  151  10:55  Hydralisk  
  152  10:57  Hydralisk  
  152  10:58  Hydralisk  
  152  10:59  Overlord  
  156  11:05  Zergling x8  
  156  11:08  Hydralisk x2  
  156  11:17  Drone x6  
  148  11:22  Drone  
  148  11:23  Drone x3  
  152  11:37  Hatchery  
  145  11:40  Drone x6  
  151  11:47  Drone x3  
  151  11:49  Overlord  
  151  11:50  Zerg Melee Weapons Level 1  
  154  12:03  Overlord  
  154  12:06  Overlord  
  154  12:12  Overlord  
  154  12:16  Lurker x5  
  154  12:20  Zergling x2  
  154  12:22  Infestation Pit  
  159  12:24  Drone x3  
  159  12:25  Hatchery  
  161  12:43  Hydralisk x2  
  165  12:48  Hydralisk  
  165  12:49  Hydralisk  
  169  12:57  Drone x2  
  171  12:59  Zergling x16  
  171  13:02  Extractor  
  171  13:04  Extractor, Zergling x6  
  180  13:07  Overlord  
  141  13:20  Hydralisk x9  
  149  13:29  Hydralisk x2  
  143  13:48  Hatchery  
  105  13:58  Hydralisk x2  
  105  14:02  Hydralisk x2  
  83  14:07  Hydralisk x5  
  83  14:08  Hydralisk x5  
  96  14:18  Hydralisk  
  96  14:19  Hydralisk  
  100  14:26  Hydralisk x2  
  100  14:28  Lurker x5  
  104  14:33  Hydralisk  
  104  14:41  Lurker  
  103  14:48  Hydralisk  
  103  14:49  Hydralisk x3, Hatchery  
  107  14:58  Hydralisk x2  
  109  15:09  Hydralisk x2  
  109  15:13  Lurker x2  
  116  15:14  Lurker  
  114  15:21  Overlord  
  114  15:24  Hydralisk  
  116  15:30  Hydralisk  
  116  15:31  Hydralisk  
  120  15:36  Lurker x2  
  122  15:54  Hydralisk  
  124  15:57  Hydralisk  
  124  16:01  Drone  
  124  16:02  Drone x3  
  124  16:03  Drone x2  
  132  16:17  Hydralisk  
  132  16:20  Hydralisk  
  134  16:30  Hive  
  134  16:39  Hydralisk x2  
  138  16:48  Lurker  
  138  16:49  Lurker  
  138  16:50  Zergling x4  
  138  16:51  Hydralisk, Zergling x2  
  145  17:00  Drone  
  136  17:26  Hydralisk x5  
  125  17:38  Hydralisk x4  
  133  17:44  Hydralisk  
  133  17:49  Viper x4  
  133  17:50  Viper  
  150  17:54  Zerg Ground Armor Level 3, Zerg Missile Weapons Level 3  
  150  17:57  Hydralisk x2  
  154  17:59  Hydralisk  
  154  18:00  Hydralisk  
  154  18:01  Hatchery  
  154  18:04  Hydralisk x2  
  161  18:16  Hydralisk  
  163  18:23  Hydralisk x2  
  167  18:33  Hydralisk x2  
  149  18:58  Hydralisk x4  
  147  19:11  Hydralisk  
  147  19:12  Hydralisk x5  
  144  19:18  Zergling x10  
  149  19:30  Zergling x8  
  153  19:46  Hydralisk  
  153  19:47  Hydralisk  
  157  19:58  Hydralisk x9  
  169  20:05  Extractor  
  169  20:07  Extractor  
  167  20:08  Hydralisk  
  167  20:09  Hydralisk  
  167  20:11  Hatchery  
  167  20:13  Zergling x2  
  171  20:15  Zergling x4  
  171  20:16  Overlord  
  173  20:27  Zergling x2  
  173  20:28  Zergling x4  
  159  20:38  Hydralisk  
  159  20:40  Hydralisk  
  158  20:48  Hydralisk  
  158  20:49  Hydralisk x6  
  145  20:52  Zergling x2  
  146  20:59  Zergling x4  
  137  21:14  Viper  
  137  21:16  Drone x4  
  143  21:18  Hydralisk  
  143  21:20  Extractor  
  143  21:21  Hydralisk  
  139  21:32  Hydralisk x3  
  134  21:33  Drone  
  134  21:34  Drone x3  
  134  21:37  Zergling x4  
  143  21:55  Hydralisk x3  
  143  21:59  Viper  
  152  22:07  Overlord  
  152  22:09  Spore Crawler  
  152  22:10  Drone x5  
  152  22:12  Hydralisk  
  158  22:26  Drone x2  
  158  22:28  Zergling x2  
  161  22:33  Hydralisk  
  161  22:34  Hydralisk x4  
  171  22:39  Hydralisk, Zergling x8  
  171  22:41  Drone x3  
  180  22:45  Drone x2  
  182  23:11  Hydralisk  
  182  23:12  Hydralisk x6  
  179  23:13  Hydralisk  
  186  23:21  Hydralisk x2  
  186  23:29  Hatchery  
  186  23:33  Hydralisk x4  
  186  23:43  Hydralisk  
  188  24:02  Lair  
  165  24:25  Hydralisk  
  165  24:27  Hatchery  
  165  24:28  Lurker x6  
  171  24:32  Hydralisk x2  
  174  24:39  Zergling x2  
  174  24:40  Overlord  
  168  25:13  Hydralisk  
  168  25:14  Hydralisk x2  
  168  25:15  Overlord  
  174  25:31  Hydralisk  
  176  25:40  Hydralisk x5  
  168  25:48  Hydralisk  
  164  25:51  Hydralisk  
  135  26:21  Overlord  
  135  26:22  Overlord  
  135  26:27  Infestation Pit, Hydralisk Den  
  135  26:30  Overlord  
  130  26:53  Drone x2  
  130  26:54  Drone x3  
  125  27:20  Hydralisk x3  
  125  27:21  Hydralisk x2  
  96  27:26  Hydralisk  
  94  27:30  Hydralisk x3  
  94  27:32  Lurker Den  
  100  27:37  Hydralisk  
  100  27:38  Hydralisk  
  104  27:45  Drone  
  104  27:46  Drone  
  104  27:47  Spawning Pool  
  104  27:48  Drone  
  104  27:51  Hive  
  106  27:56  Drone x2  
  108  27:59  Drone  
  107  28:07  Hatchery  
  107  28:08  Drone  
  107  28:12  Extractor  
  106  28:13  Extractor  
  105  28:20  Drone x3  
  105  28:21  Drone x2  
  110  28:42  Drone x2  
  110  28:44  Hydralisk x3, Drone  
  119  29:05  Viper  
  119  29:06  Viper x2  
  128  29:10  Zergling x10  
  128  29:16  Drone  
  134  29:21  Overseer  
  134  29:24  Hydralisk x4  
  134  29:29  Hydralisk  
  134  29:30  Queen x2  
  134  29:31  Queen x2  
  150  29:32  Overlord x2  
  152  29:46  Overlord  
  143  30:01  Drone  
  143  30:02  Drone x2  
  143  30:03  Drone x2  
  148  30:07  Hydralisk x4  
  148  30:08  Hydralisk  
  148  30:14  Hydralisk  
  155  30:31  Drone x2  
  155  30:32  Drone x2  
  155  30:33  Lurker  
  155  30:34  Lurker  
  160  30:45  Hydralisk x3  
  164  30:50  Overlord  
  164  30:52  Zergling x4  
  164  30:54  Hydralisk x2  
  170  31:00  Drone x2  
  170  31:04  Hydralisk  
  172  31:05  Overlord x2  
Show
View Real Time Build Order
Export as new Build Order

GuSty Terran 

Build Orders: Reaper Expand, Hellion Banshee, MMM Bio 

Get SALT Encoding   

  12  0:00  SCV  
  13  0:12  SCV  
  14  0:18  Supply Depot  
  14  0:25  SCV  
  15  0:30  Refinery  
  15  0:39  SCV  
  16  0:46  Barracks  
  16  0:51  SCV  
  17  1:04  SCV  
  18  1:16  SCV  
  19  1:33  Reaper, Orbital Command  
  20  1:47  Command Center  
  20  1:55  Factory  
  20  1:59  SCV  
  21  2:06  Supply Depot  
  21  2:10  Barracks Reactor  
  21  2:13  SCV  
  22  2:23  Refinery  
  22  2:25  SCV  
  23  2:38  SCV  
  24  2:45  Starport  
  24  2:50  SCV  
  25  2:54  Hellion x2  
  25  2:55  Barracks Tech Lab  
  29  2:59  Orbital Command  
  29  3:02  SCV  
  30  3:17  Hellion x2  
  34  3:26  SCV x2  
  36  3:32  Barracks Tech Lab  
  36  3:37  Cloaking Field, Banshee  
  36  3:38  SCV  
  36  3:41  Hellion  
  41  3:42  SCV  
  41  3:48  Hellion  
  44  3:54  Marine  
  44  3:55  Supply Depot  
  45  3:56  Stimpack  
  45  3:57  SCV  
  46  4:12  Barracks  
  46  4:15  Barracks  
  46  4:16  SCV x2  
  48  4:19  Factory Reactor  
  48  4:20  Marine  
  49  4:25  Banshee  
  49  4:28  Supply Depot, SCV  
  54  4:38  SCV  
  54  4:43  Marine  
  45  5:00  SCV  
  45  5:01  Marine x3, SCV  
  48  5:11  Factory Reactor  
  40  5:15  SCV  
  40  5:16  SCV  
  42  5:24  Marine x4  
  42  5:25  Marine  
  47  5:31  SCV x2  
  49  5:36  Starport Reactor  
  49  5:42  Marine  
  50  5:43  Engineering Bay x2, SCV x2  
  50  5:46  Marine  
  53  5:51  Marine x2  
  53  5:52  Marine  
  53  5:55  Supply Depot  
  53  5:56  SCV  
  57  5:58  SCV  
  57  6:00  Marine  
  59  6:04  Marine  
  59  6:09  Marine, SCV  
  62  6:15  Marine  
  62  6:16  Marine  
  62  6:17  Medivac x2  
  67  6:20  Marine  
  67  6:22  Marine  
  68  6:26  Terran Infantry Weapons Level 1  
  68  6:27  SCV  
  68  6:29  Refinery x2, SCV  
  70  6:34  Combat Shields  
  70  6:39  Supply Depot  
  70  6:41  Supply Depot  
  70  6:43  Marine x4  
  70  6:45  SCV x2  
  76  6:48  Supply Depot  
  76  6:53  Marine  
  77  7:00  Medivac  
  77  7:01  Marine x2  
  79  7:06  SCV  
  79  7:07  SCV  
  79  7:08  Marine x2  
  85  7:11  Marine  
  86  7:19  Marine x2  
  88  7:23  Medivac  
  88  7:25  Marine  
  88  7:26  Marine  
  88  7:28  Marine  
  86  7:38  Marine x2  
  86  7:41  Factory Tech Lab  
  86  7:42  Command Center  
  86  7:43  Marine  
  89  8:01  Marine x4  
  93  8:08  SCV x2  
  93  8:09  Marine  
  93  8:10  Siege Tank, Medivac  
  101  8:16  Medivac  
  101  8:17  Armory  
  101  8:18  Marine  
  104  8:24  Marine x3  
  107  8:27  Marine  
  107  8:31  SCV x2  
  107  8:34  Supply Depot  
  94  8:58  Marine x2  
  94  9:00  Marine x3  
  94  9:01  Siege Tank  
  91  9:10  SCV x2, Orbital Command  
  91  9:13  Terran Infantry Weapons Level 2  
  91  9:14  Terran Infantry Armor Level 1  
  91  9:16  Marine x2  
  94  9:19  Barracks  
  94  9:21  Barracks  
  94  9:22  Marine  
  94  9:23  Marine x2  
  97  9:29  SCV x2  
  99  9:34  Marine x2  
  101  9:41  Marine x2, SCV  
  101  9:43  Marauder  
  101  9:44  Siege Tank  
  109  9:53  Marine x2  
  109  9:54  Medivac x2  
  109  9:59  Marine x2, SCV x3  
  119  10:04  Marine  
  120  10:09  Barracks Tech Lab  
  120  10:10  Barracks Reactor  
  120  10:11  Marine x2  
  122  10:14  Liberator  
  122  10:15  Supply Depot, Sensor Tower  
  122  10:16  Siege Tank  
  122  10:17  Marine x2  
  122  10:20  Liberator  
  127  10:21  SCV  
  127  10:22  SCV x2  
  127  10:25  Marauder  
  131  10:29  Marine x2  
  131  10:31  Marauder  
  138  10:41  Marine  
  138  10:42  Marine  
  143  10:45  Supply Depot  
  143  10:47  Marine  
  144  10:51  Siege Tank  
  147  10:59  Marine x2  
  147  11:00  Marauder x2  
  153  11:04  Missile Turret  
  153  11:11  Marine x2  
  153  11:20  Marine x4  
  157  11:26  Marine x2  
  157  11:28  Marine  
  143  11:40  Marine x4  
  143  11:41  Missile Turret  
  143  11:44  Marauder  
  149  11:48  Marine x3  
  149  11:52  Siege Tank, Medivac x2  
  159  12:00  Marine x3  
  162  12:05  Supply Depot  
  162  12:06  Command Center  
  162  12:13  Terran Infantry Weapons Level 3  
  162  12:22  Marine, Marauder  
  165  12:26  Marine x2, Marauder  
  169  12:36  Marine x2  
  171  12:37  Refinery x2  
  171  12:44  Marauder  
  173  12:45  Supply Depot  
  173  12:46  Supply Depot  
  173  13:06  Marine x5, Siege Tank  
  173  13:07  Marine  
  173  13:08  Marauder x2  
  173  13:11  Supply Depot  
  183  13:24  Marine  
  182  13:29  Marauder  
  164  13:37  Marine x5, Marauder  
  150  13:44  Marine  
  150  13:47  Siege Tank  
  154  13:51  Marauder  
  154  13:54  Barracks, Marine  
  149  13:56  Barracks  
  149  13:58  Barracks  
  149  13:59  Marauder  
  149  14:02  Marine x2  
  135  14:04  Marine  
  138  14:10  Marine  
  138  14:11  Marine  
  138  14:12  Marine, Marauder  
  143  14:20  Marine x2, Marauder  
  143  14:21  Marine  
  143  14:24  Planetary Fortress  
  148  14:30  Marine x2  
  150  14:32  Marine  
  150  14:33  Marauder  
  150  14:38  Marine  
  148  14:42  Marauder  
  146  14:53  Marine x3  
  146  14:55  Barracks Reactor, Marauder, Barracks Tech Lab  
  148  15:00  Barracks Reactor  
  148  15:03  Marauder  
  148  15:09  Marine x3  
  148  15:11  Marine  
  152  15:17  Marine x2, Marauder  
  156  15:23  Marauder  
  156  15:24  Marine  
  156  15:27  Marine  
  156  15:28  Marine  
  161  15:36  Marine x4  
  161  15:37  Marine x4  
  161  15:38  Marauder  
  161  15:42  Marauder  
  173  15:44  Marine x2  
  173  15:46  Marine  
  173  15:47  Terran Infantry Armor Level 2  
  176  15:56  Marine x4  
  176  15:57  Marine  
  180  16:00  Marauder  
  183  16:07  Marine, Marauder  
  186  16:11  Marine  
  186  16:12  Marine, Marauder  
  186  16:13  Marine x2  
  191  16:21  Marine x2, Marauder  
  193  16:27  Marine  
  193  16:29  Marauder  
  195  16:33  Marauder  
  193  16:47  Command Center  
  193  16:48  Command Center  
  193  16:59  Marine x3, Marauder x2  
  200  17:20  Command Center  
  196  17:23  Orbital Command  
  196  17:24  Marine x2  
  196  17:25  Marauder x2  
  177  17:33  Marine x3, Marauder  
  182  17:37  Marine x2  
  184  17:44  Marine  
  184  17:46  Marauder x2  
  184  17:49  Marine x3  
  192  17:52  Terran Vehicle Weapons Level 1  
  192  17:55  Marauder  
  192  17:58  Marine x3  
  197  18:07  Marine, Marauder  
  200  18:30  Orbital Command x2  
  200  18:34  Missile Turret  
  200  18:36  Marine  
  200  18:37  Marauder  
  200  18:40  Marine  
  200  18:41  Marine x5, Marauder x2  
  181  18:43  Marine x2  
  170  18:55  Marine  
  170  18:56  Marine  
  170  18:58  Marauder  
  170  19:00  Marine x3  
  170  19:01  Marine, Medivac x2, Siege Tank  
  170  19:02  Marauder  
  164  19:03  Marauder  
  164  19:07  Starport  
  164  19:09  Marine, Starport  
  152  19:13  Marine x2  
  152  19:14  Marine x3  
  157  19:18  Marine  
  157  19:20  Marauder  
  157  19:22  Marine x2  
  157  19:24  Marauder  
  164  19:25  Concussive Shells  
  164  19:27  Terran Infantry Armor Level 3  
  164  19:33  Marine x2, Marauder  
  164  19:37  Marine  
  163  19:41  Marauder  
  163  19:42  Marine x2  
  163  19:43  Marine  
  163  19:45  Marauder  
  170  19:46  Marine x3  
  170  19:47  Medivac  
  174  19:54  Marauder  
  174  19:59  Marine x3  
  160  20:02  Marauder  
  160  20:03  Marine x3  
  160  20:04  Medivac x2  
  160  20:06  Marauder  
  171  20:08  Liberator x2  
  171  20:11  Marine  
  171  20:12  Marine x2  
  174  20:16  Marauder  
  176  20:24  Marauder  
  184  20:34  Liberator  
  184  20:35  Liberator  
  184  20:39  Marine x3, Marauder  
  184  20:40  Marauder  
  152  20:50  Marine x2  
  152  20:51  Marine x3, Marauder  
  152  20:52  Siege Tank  
  168  21:01  Marauder x2  
  143  21:11  Marine x4  
  143  21:12  Marine x4, Marauder  
  143  21:13  Medivac x2  
  156  21:22  Marauder  
  156  21:25  Marine x2  
  153  21:26  Marauder  
  153  21:29  Marine  
  153  21:30  Marine, Liberator x4  
  153  21:31  Marine  
  153  21:32  Marine x2  
  145  21:33  Marauder  
  145  21:36  Marine x3  
  149  21:44  Marauder  
  149  21:46  Marine x2  
  149  21:47  Marine, Marauder  
  166  21:55  Marauder  
  166  21:56  Marine  
  166  21:57  Marine, Planetary Fortress  
  170  22:05  Marine x3, Marauder  
  175  22:09  Marauder  
  175  22:10  Marine  
  175  22:11  Marine  
  179  22:16  Marine x2, Marauder  
  183  22:26  Marauder  
  183  22:27  Marine x2  
  187  22:30  Marauder  
  187  22:31  Marine x4  
  193  22:38  Marauder  
  195  22:48  Marauder  
  195  22:50  Marine  
  200  22:51  Marauder  
  200  22:52  Command Center  
  200  22:57  Refinery  
  200  23:00  Refinery  
  178  23:17  Liberator x2  
  178  23:22  Marine x2, Marauder  
  178  23:27  Marine x2, Marauder  
  170  23:32  Marine x3, Marauder  
  165  23:44  Marauder  
  165  23:45  Marine  
  165  23:46  Marine  
  166  23:49  Marauder  
  166  23:53  Marine  
  166  23:54  Marine x3, Marauder  
  144  24:05  Marine x2, Marauder  
  144  24:06  Marine  
  144  24:07  Marine  
  143  24:10  Marauder  
  143  24:12  Planetary Fortress  
  143  24:14  Marine  
  143  24:15  Marine x2, Marauder  
  127  24:17  Marine  
  127  24:18  Marine  
  127  24:22  Marine, Medivac  
  127  24:23  Medivac x2, Marine  
  135  24:26  Marauder  
  135  24:29  Refinery  
  139  24:31  Marine x2, Marauder  
  139  24:37  Marine x3, Marauder  
  139  24:38  Marine  
  144  24:40  Marine  
  144  24:41  Marine x2  
  144  24:43  Siege Tank  
  150  24:47  Marine  
  150  24:48  Marauder  
  150  24:49  Marine x2  
  150  24:50  Refinery x2  
  150  24:51  SCV x2  
  150  24:52  Refinery x2, SCV  
  161  24:53  Marauder  
  158  25:05  Refinery  
  145  25:15  Marine x3, Siege Tank  
  145  25:16  Marine x2, Marauder x3  
  159  25:25  Marine x2  
  158  25:30  Marine  
  158  25:31  Marine x2  
  161  25:37  Marauder x3  
  161  25:47  Marine  
  161  25:48  Marine x2  
  153  25:58  Marauder  
  153  25:59  Marauder  
  145  26:11  Marine x3  
  145  26:14  Marine x3  
  145  26:15  Marine x2  
  145  26:16  Marine  
  145  26:18  Orbital Command  
  123  26:20  Marauder x2  
  127  26:33  Medivac x2  
  127  26:34  Medivac, Orbital Command  
  133  26:41  Marauder x2  
  136  27:02  Marauder  
  136  27:06  Marine, Marauder  
  74  27:23  Marine  
  65  27:53  Orbital Command  
  65  28:14  Siege Tank  
  68  28:21  Marine  
  68  28:22  Marauder  
  71  28:28  Marine x2  
  71  28:34  Marine  
  73  28:36  Marine  
  73  28:39  Marine  
  76  28:43  Marine  
  76  28:47  Marine  
  78  28:54  Marine x2  
  77  28:59  Marine  
  78  29:05  Marine  
  79  29:12  Marine  
  80  29:36  Marine  
  80  29:37  Marine, Marauder x2  
  85  29:58  Marauder  
  85  29:59  Marine  
  76  30:00  Marine x2, Marauder  
  81  30:11  Marine x3  
  84  30:18  Marine x2  
  82  30:24  Medivac  
  84  30:30  Marine x2  
  84  30:31  Marine  
  84  30:34  Orbital Command  
  85  30:46  Marine  
  78  31:13  Marine  
Tags
 
Add a new tag
Caveats
  • Supply blocks, unpowered buildings, or Contaminate may cause inaccurate times.
  • Supply counts are checked every 10 seconds.